 Dungeon Crawl Stone Soup version 0.26.1-16-g4e020e15dc (webtiles) character file.

Game seed: 17235130631355745476

208 Mickster the Shield-Bearer (level 5, -5/45 HPs)
             Began as a Demigod Fighter on Mar 5, 2023.
             Slain by an iguana (7 damage)
             ... on level 4 of the Dungeon.
             The game lasted 00:29:13 (2389 turns).

Mickster the Shield-Bearer (Demigod Fighter)        Turns: 2389, Time: 00:29:14

Health: -5/45      AC:  6    Str: 21    XL:     5   Next: 29%
Magic:  7/7        EV:  7    Int: 12    God:
Gold:   138        SH:  9    Dex: 15    Spells: 4/4 levels left

rFire    . . .     SeeInvis .   o - +2 flail (drain)
rCold    . . .     Faith    .   c - +0 kite shield
rNeg     . . .     Spirit   .   b - +0 scale mail
rPois    .         Reflect  .   (no helmet)
rElec    .         Harm     .   (no cloak)
rCorr    .         Rampage  .   (no gloves)
Will     .....                  (no boots)
Stlth    ..........             (no amulet)
HPRegen  0.15/turn              (no ring)
MPRegen  0.10/turn              (no ring)

@: no status effects
A: high mp 1
a: no special abilities


You were on level 4 of the Dungeon.
You visited 1 branch of the dungeon, and saw 4 of its levels.

You collected 138 gold pieces.

Inventory:

Hand Weapons
 a - a +1 war axe
 i - a +0 spear
 j - a +0 hunting sling
 o - a +2 flail of draining (weapon)
 q - a +1 morningstar of protection
Missiles
 e - 162 stones
 f - 3 curare-tipped darts (quivered)
 g - 33 arrows
 l - 10 poisoned darts
Armour
 b - a +0 scale mail (worn)
 c - a +0 kite shield (worn)
 p - a +2 chain mail of fire resistance
Jewellery
 k - a +4 ring of protection {unknown}
Scrolls
 m - a scroll of teleportation
Potions
 d - a potion of might
 h - 2 potions of curing
 n - 3 potions of cancellation


   Skills:
 + Level 3.4 Fighting
 - Level 3.3(3.4) Axes
 * Level 0.8(2.3) Maces & Flails
 + Level 0.4 Throwing
 + Level 3.2 Armour
 + Level 0.5 Dodging
 + Level 0.2 Stealth
 + Level 3.5 Shields


You had 4 spell levels left.
You didn't know any spells.
Your spell library contained the following spells:

 Spells                   Type           Power        Failure   Level
 Summon Small Mammal      Summ           0%           98%         1
 Call Imp                 Summ           0%           99%         2
 Call Canine Familiar     Summ           0%           100%        3
 Summon Guardian Golem    Hex/Summ       0%           100%        3
 Summon Ice Beast         Ice/Summ       0%           100%        4
 Summon Lightning Spire   Summ/Air       0%           100%        4


Dungeon Overview and Level Annotations

Branches:
Dungeon (4/15)             Temple (0/1) D:4


Innate Abilities, Weirdness & Mutations

You have an increased reservoir of magic. (+10% MP)


Message History

You block the giant cockroach's attack. You block the iguana's attack.
The jackal barely misses you.
You thump the jackal!
You kill the jackal!
You block the giant cockroach's attack. The iguana barely misses you.
The giant cockroach bites you.
You closely miss the jackal.
The jackal bites you but does no damage.
The iguana bites you!
* * * LOW HITPOINT WARNING * * *
The giant cockroach barely misses you. The jackal barely misses you.
The giant cockroach bites you but does no damage.
The iguana bites you!
* * * LOW HITPOINT WARNING * * *
You closely miss the jackal. You block the jackal's attack.
The giant cockroach bites you but does no damage.
The jackal bites you.
* * * LOW HITPOINT WARNING * * *
The iguana bites you!
You die...

....#........###
.####?.......# .
##.........####
...##.............#
#.....#........##....
#.>..#....##.### ###
.... #....##... #..
#..l........ ##
##@#(###..##
#hB.....## #hs>..####
...##...... .....
..###. ..).... ....
......# ###. ....(. #
......


You could see a scorpion, an iguana, 2 jackals and a giant cockroach.

Vanquished Creatures
  A howler monkey (D:4)
  Terence (D:2)
  4 adders
  4 gnolls
  An ooze (D:2)
  A leopard gecko (D:1)
  2 orcs
  5 bats
  4 giant cockroaches
  7 goblins
  7 hobgoblins
  4 jackals (D:4)
  4 kobolds
  3 quokkas
  A ball python (D:4)
  6 frilled lizards
  A quokka skeleton (D:4)
  12 rats
68 creatures vanquished.

Notes
Turn   | Place    | Note
-------+----------+-------------------------------------------
     0 | D:1      | Mickster the Demigod Fighter began the quest for the Orb.
     0 | D:1      | Reached XP level 1. HP: 18/18 MP: 3/3
   176 | D:1      | Reached XP level 2. HP: 19/25 MP: 4/4
   681 | D:1      | Reached XP level 3. HP: 31/31 MP: 5/5
  1221 | D:2      | Found a sacrificial altar of Ru.
  1561 | D:2      | Reached XP level 4. HP: 15/38 MP: 6/6
  1784 | D:2      | Noticed Terence
  1797 | D:2      | Killed Terence
  2188 | D:3      | Found a burning altar of Makhleb.
  2356 | D:4      | Found a staircase to the Ecumenical Temple.
  2372 | D:4      | Reached XP level 5. HP: 45/45 MP: 7/7
  2388 | D:4      | HP: 2/45 [iguana (10)]
  2389 | D:4      | Slain by an iguana

Illustrated notes

Levels and vault maps discovered:
D:1:      dpeg_arrival_prison, layout_basic
D:2:      layout_loops_corners, hangedman_ru_absence, uniq_terence
D:3:      layout_basic, amethyst_killhole, bloody_makhleb
D:4:      layout_rooms, minmay_temple_entry_wispy

Skill      XL: |  1  2  3 |
---------------+----------+-----
Axes           | 2 3 |  3.3
Shields        | 3 |  3.5
Armour         | 3 |  3.2
Fighting       | 3 |  3.4
Maces & Flails | |  0.8
Throwing       | |  0.4
Dodging        | |  0.5
Stealth        | |  0.2

Action                   |  1- 3 |  4- 6 || total
-------------------------+-------+-------++-------
Melee: War axe           |   103 |    22 ||   125
       Morningstar       |       |    21 ||    21
       Flail             |       |    33 ||    33
Throw: Dart              |     6 |     5 ||    11
  Use: Potion            |     6 |       ||     6
       Scroll            |     4 |     1 ||     5
Armor: Scale mail        |    57 |    44 ||   101
Dodge: Dodged            |    30 |    40 ||    70
Block: Kite shield       |    75 |    62 ||   137
